 Dungeon Crawl Stone Soup version 0.28-a0-529-g3bad584f25 (webtiles) character file.

Game seed: 7310092874346877275

418 MikuNakano the Slasher (level 6, -5/43 HPs)
             Began as an Octopode Fighter on Sept 24, 2021.
             Was a Follower of Qazlal.
             Slain by a cyclops (11 damage)
             ... created by the fury of Okawaru
             ... on level 4 of the Dungeon.
             The game lasted 00:04:54 (2891 turns).

MikuNakano the Slasher (Octopode Fighter)           Turns: 2891, Time: 00:04:54

Health: -5/43      AC:  1    Str: 15    XL:     6   Next: 93%
Magic:  6/6        EV: 14    Int: 11    God:    Qazlal [*.....]
Gold:   129        SH:  6    Dex: 13    Spells: 5/5 levels left

rFire   + . .      SeeInvis .   a - +1 long sword
rCold   . . .      Faith    .   b - +0 buckler
rNeg    . . .      Spirit   .   (helmet restricted)
rPois   .          Reflect  .   (no amulet)
rElec   .          Harm     .   f - ring of protection from fire
rCorr   .          Rampage  .   (no ring)
Will    .....                   (no ring)
Stlth   +++.......              (no ring)
HPRegen 0.14/turn               (no ring)
MPRegen 0.10/turn               (no ring)
                                (no ring)
                                (no ring)

@: no status effects
A: almost no armour, amphibious, 8 rings, camouflage 1, gelatinous body 1,
(nimble swimmer 1), tentacles
a: Renounce Religion


You were on level 4 of the Dungeon.
You worshipped Qazlal.
Qazlal was aware of your devotion.
You visited 1 branch of the dungeon, and saw 5 of its levels.

You collected 129 gold pieces.

Inventory:

Hand Weapons
 a - a +1 long sword (weapon)
Armour
 b - a +0 buckler (worn)
Jewellery
 f - a ring of protection from fire (left tentacle)
Scrolls
 g - a scroll of identify
 l - a scroll of fog
Potions
 e - 3 potions of curing {unknown}
 h - a potion of flight {unknown}
 j - a potion of ambrosia {unknown}


   Skills:
 + Level 3.7 Fighting
 + Level 5.3 Long Blades
 + Level 3.9 Dodging
 - Level 3.2 Stealth
 + Level 3.5 Shields


You had 5 spell levels left.
You didn't know any spells.
Your spell library contained the following spells:

 Spells                   Type           Power      Damage    Failure   Level
 Summon Guardian Golem    Hex/Summ       0%         N/A       73%         3
 Orb of Destruction       Conj           0%         N/A       100%        7
 Spellforged Servitor     Conj/Summ      0%         N/A       100%        7


Dungeon Overview and Level Annotations

Branches:
Dungeon (5/15)             Temple (0/1) D:5

Altars:
Kikubaaqudgha
Makhleb
Nemelex Xobeh
Okawaru
Qazlal
Sif Muna
Trog
Zin


Innate Abilities, Weirdness & Mutations

You cannot wear most types of armour.
You are amphibious.
You can wear up to eight rings at the same time.
Your skin changes colour to match your surroundings (Stealth+).
Your rubbery body absorbs attacks. (AC +1, EV +1)
((You are camouflaged near water. (Stealth+)))
You have tentacles for arms and can constrict up to eight enemies at once.


Message History

You squeeze the orc, but do no damage.
The orc is almost dead.
You constrict the orc.
You kill the orc!
Qazlal accepts your kill.
You are now surrounded by a storm.
The orc closely misses you.
The orc priest calls down the wrath of Beogh upon you.
Beogh smites you!
* * * LOW HITPOINT WARNING * * *
As you read the scroll of teleportation, it crumbles to dust.
You feel strangely unstable. The orc barely misses you.
The orc throws a stone.
The stone hits you.
* * * LOW HITPOINT WARNING * * *
Your surroundings suddenly seem different.
A kobold, an orc, an ogre and a dart slug come into view.
Found a stone staircase leading down.
The ogre shouts!
The ogre closely misses you.
The kobold shouts!
The orc shouts!
As you read the scroll of fear, it crumbles to dust.
You assume a fearsome visage.
The ogre looks frightened!
The orc looks frightened!
The kobold looks frightened!
The dart slug looks frightened!
You hear a shout!
The kobold attempts to regain its composure.
The ogre prays for help.
An orc comes into view. It is wielding a +0 whip.
The orc shouts!
You hear a shout!
An orc comes into view. It is wielding a +0 whip.
The orc shouts!
Okawaru sends forces against you!
An ogre and a cyclops come into view.
As you read the scroll labelled XYOSTR GUISUOMM, it crumbles to dust.
The scroll dissolves into smoke.
It was a scroll of fog.
As you read the scroll labelled COAPOOTRUUW, it crumbles to dust.
It is a scroll of amnesia.
You feel forgetful for a moment. The cyclops closely misses you.
The cyclops hits you!
You die...

.# ..## ..# ... ..
K##..... #.#
..##......# #.#
..........# #C###
..........# ###O@§#
..........###§§####
..........##§§##
............§##
.............#
.............#
.............#
####.........#
######..o..#


You could see a cyclops and an ogre.

Vanquished Creatures
  2 ogres
  2 howler monkeys (D:4)
  2 hounds (D:5)
  3 adders (D:4)
  A white imp (D:5)
  2 adder skeletons
  4 worms (D:2)
  A dart slug (D:2)
  6 orcs
  5 endoplasms
  A giant cockroach (D:1)
  4 goblins
  5 hobgoblins
  8 quokkas
  3 ball pythons
  3 bats
  A frilled lizard (D:1)
  4 kobolds
  4 rats
61 creatures vanquished.

Vanquished Creatures (others)
  3 plants (D:4)
3 creatures vanquished.

Grand Total: 64 creatures vanquished

Notes
Turn   | Place    | Note
-------+----------+-------------------------------------------
     0 | D:1      | MikuNakano the Octopode Fighter began the quest for the
                  | Orb.
     0 | D:1      | Reached XP level 1. HP: 16/16 MP: 1/1
   401 | D:1      | Reached XP level 2. HP: 21/21 MP: 2/2
   895 | D:2      | Found a faded altar of an unknown god.
   911 | D:2      | Became a worshipper of Warmaster Okawaru
   911 | D:2      | Reached * piety under Okawaru
  1102 | D:2      | Reached XP level 3. HP: 15/26 MP: 0/3
  1298 | D:2      | Reached skill level 1 in Stealth
  1586 | D:2      | Found a stormy altar of Qazlal.
  1719 | D:2      | Fell from the grace of Okawaru
  1719 | D:2      | Became a worshipper of Qazlal Stormbringer
  1837 | D:2      | Reached XP level 4. HP: 31/31 MP: 4/4
  2017 | D:3      | You fall into a shaft and drop 2 floors!
  2017 | D:5      | Entered Level 5 of the Dungeon
  2046 | D:5      | Noticed an ogre
  2065 | D:5      | Killed an ogre
  2066 | D:5      | Reached skill level 3 in Long Blades
  2066 | D:5      | Reached XP level 5. HP: 28/36 MP: 5/5
  2206 | D:5      | Found a bloodstained altar of Trog.
  2214 | D:5      | Found a sparkling altar of Nemelex Xobeh.
  2221 | D:5      | Found a glowing silver altar of Zin.
  2228 | D:5      | Found a shimmering blue altar of Sif Muna.
  2236 | D:5      | Found a burning altar of Makhleb.
  2243 | D:5      | Found an ancient bone altar of Kikubaaqudgha.
  2249 | D:5      | Found a stormy altar of Qazlal.
  2278 | D:5      | Found a staircase to the Ecumenical Temple.
  2285 | D:5      | Reached skill level 4 in Long Blades
  2397 | D:5      | Noticed an ogre
  2397 | D:5      | Noticed an ogre
  2405 | D:4      | Reached XP level 6. HP: 39/42 MP: 6/6
  2479 | D:4      | Reached skill level 5 in Long Blades
  2874 | D:4      | Reached * piety under Qazlal
  2888 | D:4      | Noticed a cyclops
  2891 | D:4      | Slain by a cyclops

Illustrated notes

Levels and vault maps discovered:
D:1:      nicolae_arrival_washed_ashore, layout_rooms
D:2:      layout_rooms, hellmonk_ecumenical_altar_leap_of_faith, basic_altar,
          chequers_arboretum
D:3:      layout_rooms, mainiacjoe_overflow_paths,
          mainiacjoe_overflow_large_starburst, grunt_decor_resistance,
          uniq_robin
D:4:      layout_layer_cave, guppyfry_early_lair_pool
D:5:      layout_basic, grunt_temple_overflow_octagram, fedhas_altar_fruit_tree,
          minmay_temple_entry_sparse_star, lightli_ossuary_entry_decrepit_ruins,
          uniq_sigmund

Skill      XL: |  1  2  3  4  5  6 |
---------------+-------------------+-----
Stealth        | 1 3 |  3.2
Long Blades    | 3 4 5 |  5.3
Fighting       | |  3.7
Dodging        | |  3.9
Shields        | |  3.5

Action                   |  1- 3 |  4- 6 || total
-------------------------+-------+-------++-------
Melee: Long sword        |    70 |    55 ||   125
       Constrict         |    15 |    14 ||    29
       Tentacles         |    14 |    14 ||    28
       Punch             |     1 |       ||     1
Invok: Heroism           |     1 |       ||     1
  Use: Scroll            |       |     7 ||     7
       Potion            |       |     1 ||     1
 Stab: Sleeping          |     8 |       ||     8
       Distracted        |       |     1 ||     1
Armor: Skin              |     2 |     1 ||     3
Dodge: Dodged            |    28 |    28 ||    56
Block: Buckler           |    12 |     6 ||    18

Table legend: (Time is in decaauts)
 A = Elapsed time spent in this place.
 B = Non-inter-level travel time spent in this place.
 C = Inter-level travel time spent in this place.
 D = Time resting spent in this place.
 E = Time spent auto-exploring this place.
 F = Levels seen in this place.
 G = Mean time per level.
                   A        B        C        D        E       F      G
               +--------+--------+--------+--------+--------+-----+--------+
         Total |   2920 |   2761 |    159 |      0 |   2297 |   5 |  584.0 |
       Dungeon |   2920 |   2761 |    159 |      0 |   2297 |   5 |  584.0 |
               +--------+--------+--------+--------+--------+-----+--------+

Top non-repeatable levels by time:
     D:2: 1101 daAuts
     D:1: 898 daAuts
     D:4: 496 daAuts
     D:5: 385 daAuts
     D:3: 38 daAuts
